 Dungeon Crawl Stone Soup version 0.30-a0-292-g0f741e3f8e (webtiles) character file.

Game seed: 8400752975739587908

1867 plokij the Slasher (level 8, -1/59 (71) HPs)
             Began as a Minotaur Fighter on Oct 17, 2022.
             Was an Initiate of Okawaru.
             Slain by a wight
             ... wielding a +0 falchion
              (7 damage)
             ... on level 5 of the Dungeon.
             The game lasted 00:20:16 (6196 turns).

plokij the Slasher (Minotaur Fighter)               Turns: 6196, Time: 00:20:16

HP:   -1/59 (71)    AC: 11    Str: 21    XL:     8   Next: 90%
MP:   7/7           EV: 12    Int:  5    God:    Okawaru [......]
Gold: 324           SH:  5    Dex: 12    Spells: 7/7 levels left

rFire   . . .      SeeInvis .    a - +0 long sword
rCold   . . .      Faith    .    c - +0 buckler
rNeg    . . .      Spirit   .    b - +0 scale mail
rPois   .          Reflect  .    (helmet restricted)
rElec   .          Harm     .    u - +1 cloak
rCorr   .          Rampage  .    y - +0 pair of gloves
Will    .....                    (no boots)
Stlth   ..........               (no amulet)
HPRegen 0.29/turn                (no ring)
MPRegen 0.10/turn                (no ring)

@: brilliant, heavily drained
A: horns 2, retaliatory headbutt
a: Renounce Religion


You were on level 5 of the Dungeon.
You worshipped Okawaru.
Okawaru was noncommittal.
You visited 2 branches of the dungeon, and saw 7 of its levels.
You also visited: Sewer.

You collected 324 gold pieces.

Inventory:

Hand Weapons
 a - a +0 long sword (weapon)
 w - a +0 great sword
Armour
 b - a +0 scale mail (worn)
 c - a +0 buckler (worn)
 u - a +1 cloak (worn)
 y - a +0 pair of gloves (worn)
Jewellery
 C - an amulet of magic regeneration
 D - a ring of wizardry
 I - a ring of fire
Wands
 s - a wand of acid (5)
 t - a wand of roots (11)
 F - a wand of mindburst (20)
 H - a wand of flame (13)
Scrolls
 e - 3 scrolls of magic mapping {unknown}
 f - 3 scrolls of poison {unknown}
 h - 2 scrolls of teleportation {unknown}
 j - 4 scrolls of identify {unknown}
 k - a scroll of amnesia {unknown}
 m - a scroll of noise {unknown}
 n - a scroll of immolation {unknown}
 o - 5 scrolls of vulnerability {unknown}
 p - a scroll of butterflies {unknown}
 r - a scroll of summoning {unknown}
 v - a scroll of blinking {unknown}
 x - 2 scrolls of enchant weapon {unknown}
 E - 2 scrolls of fear {unknown}
Potions
 d - 4 potions of might
 g - 3 potions of brilliance
 i - 2 potions of magic {unknown}
 l - a potion of flight {unknown}
 q - 8 potions of curing {unknown}
 z - 3 potions of invisibility {unknown}
 A - a potion of mutation {unknown}
 B - a potion of heal wounds {unknown}
 G - a potion of attraction {unknown}


   Skills:
 + Level 6.7 Fighting
 + Level 6.8 Long Blades
 + Level 6.6 Armour
 * Level 6.6 Dodging
 + Level 6.6 Shields


You had 7 spell levels left.
You didn't know any spells.
Your spell library contained the following spells:

 Spells                   Type           Power      Damage    Failure   Level
 Foxfire                  Conj/Fire      0%         2x1d4     86%         1
 Freeze                   Ice            0%         1d3       86%         1
 Scorch                   Fire           0%         2d5       95%         2
 Frozen Ramparts          Ice            0%         1d1       99%         3
 Hailstorm                Conj/Ice       0%         3d3       99%         3
 Flame Wave               Conj/Fire      0%         2d4       100%        4
 Fireball                 Conj/Fire      0%         3d3       100%        5
 Yara's Violent Unravell  Hex/Tmut       0%         3d3       100%        5
 Starburst                Conj/Fire      0%         6d3       100%        6
 Enfeeble                 Hex            0%         N/A       100%        7
 Summon Cactus Giant      Summ           Unusable   N/A       N/A         6
 Malign Gateway           Summ/Tloc      Unusable   N/A       N/A         7
 Summon Horrible Things   Summ           Unusable   N/A       N/A         8

Dungeon Overview and Level Annotations

Branches:
Dungeon (6/15)             Temple (1/1) D:5           Sewer (visited)

Altars:
Cheibriados
Fedhas
Hepliaklqana
Kikubaaqudgha
Makhleb
Nemelex Xobeh
Okawaru
Qazlal
Sif Muna
Trog
Uskayaw
Vehumet
Wu Jian
Xom
Zin

Shops:
D:1 (   D:2 =


Innate Abilities, Weirdness & Mutations

You have a pair of horns on your head.
You reflexively headbutt those who attack you in melee.


Message History

There is a stone staircase leading down here.
You slash the wight!
The wight is heavily damaged.
The wight closely misses you. You block the wight's attack.
You slash the wight! Your headbutt misses the wight.
The wight is almost destroyed.
The wight hits you with a +0 mace. The wight hits you but does no damage.
You slash the wight!
You destroy the wight!
Okawaru accepts your kill. The wight barely misses you.
Your life force feels restored.
You closely miss the wight. The wight hits you with a +0 falchion!
You feel drained.
You closely miss the wight. Your headbutt misses the wight.
You hit the wight but do no damage. You headbutt the wight.
The wight is moderately damaged.
The wight hits you with a +0 falchion. The wight hits you with a +0 scimitar.
You closely miss the wight.
The wight is moderately damaged.
The wight hits you with a +0 falchion.
You feel drained. You block the wight's attack.
You closely miss the wight.
The wight is moderately damaged.
The wight hits you with a +0 falchion.
You feel drained. You block the wight's attack.
You closely miss the wight. The wight hits you with a +0 falchion.
You block the wight's attack.
You hit the wight but do no damage. The wight hits you with a +0 falchion.
You feel drained. The wight hits you with a +0 scimitar!
* * * LOW HITPOINT WARNING * * *
You feel drained.
* * * LOW HITPOINT WARNING * * *
The wight hits you with a +0 falchion.
* * * LOW HITPOINT WARNING * * *
You feel drained. The wight closely misses you.
It was a potion of brilliance.
You feel clever all of a sudden. The wight hits you with a +0 falchion!
You die...

...........######
.#####....)###########
.##............##....#
.##.##########.##.##.#
###.#........#.##.##.#
#..#.######.#....#..#
##..#.#....#.#..###.#####
##..#.#.##.#.#.####.#...#
.†..#.#..#.#.#.z@##.#.#.#
##..#.#..#.#.#.#z##.#.#.#
##..#.####.#.#...##.#.#.###
##..#......#.#............#
##..########.#...##.#...###
.#...............##.###.#
.#..........#....##.....#
.##.........#.#..######.#
.##.........#....# #.##


You could see 2 wights.

Vanquished Creatures
  Grinder (D:3)
  Sigmund (D:2)
  Menkaure (D:5)
  Duvessa (D:5)
  Pargi (Sewer)
  An ice beast (D:5)
  An ogre (D:4)
  A phantom (D:4)
  Blork the orc (D:5)
  2 scorpions
  2 necrophages
  A wight (D:5)
  Dowan (D:5)
  3 hounds
  An orc priest (D:5)
  Ijyb (D:3)
  Natasha (twice) (D:2)
  4 iguanas
  An orc wizard (D:3)
  5 gnolls
  5 adders
  5 worms
  4 dart slugs
  6 orcs
  6 bats
  9 endoplasms
  3 giant cockroaches
  8 goblins
  7 hobgoblins
  4 jackals (D:4)
  3 quokkas
  6 ball pythons
  3 frilled lizards
  7 kobolds
  23 rats
131 creatures vanquished.

Vanquished Creatures (others)
  An angel (D:4)
  4 plants (D:2)
5 creatures vanquished.

Grand Total: 136 creatures vanquished

Notes
Turn   | Place    | Note
-------+----------+-------------------------------------------
     0 | D:1      | plokij the Minotaur Fighter began the quest for the Orb.
     0 | D:1      | Reached XP level 1. HP: 19/19 MP: 0/0
   171 | D:1      | Reached XP level 2. HP: 26/27 MP: 1/1
   184 | D:1      | Found Ylaegane's Assorted Antiques.
   689 | D:1      | Found Sierchah's Weapon Boutique.
  1244 | D:2      | Noticed Sigmund
  1258 | D:2      | Killed Sigmund
  1259 | D:2      | Reached XP level 3. HP: 14/34 MP: 2/2
  1259 | D:2      | Reached XP level 4. HP: 17/41 MP: 3/3
  1259 | D:2      | Reached XP level 5. HP: 20/47 MP: 4/4
  1594 | D:2      | Noticed Natasha
  1599 | D:2      | Killed Natasha
  1688 | D:2      | Noticed Natasha
  1697 | D:2      | Killed Natasha
  1797 | D:2      | Reached XP level 6. HP: 49/53 MP: 5/5
  1811 | D:2      | Found Waristuc's Jewellery Shoppe.
  2270 | D:3      | Found a shimmering blue altar of Sif Muna.
  2289 | D:3      | Noticed Ijyb
  2300 | D:3      | Killed Ijyb
  2491 | D:3      | Found a radiant altar of Vehumet.
  2518 | D:3      | Found a glowing drain.
  2527 | D:3      | Noticed Grinder
  2534 | D:3      | Paralysed by Grinder for 5 turns
  2551 | D:3      | Killed Grinder
  2552 | D:3      | Reached skill level 5 in Fighting
  2552 | D:3      | Reached skill level 5 in Long Blades
  2552 | D:3      | Reached skill level 5 in Armour
  2552 | D:3      | Reached skill level 5 in Shields
  2552 | D:3      | Reached XP level 7. HP: 26/61 MP: 6/6
  2673 | Sewer    | Entered a sewer
  2677 | Sewer    | Noticed Pargi
  2688 | Sewer    | Killed Pargi
  3420 | D:4      | Killed an angel
  3453 | D:4      | Found a glowing silver altar of Zin.
  3464 | D:4      | Found a shimmering altar of Xom.
  3834 | D:4      | Reached skill level 5 in Dodging
  4042 | D:5      | Entered Level 5 of the Dungeon
  4044 | D:5      | Reached XP level 8. HP: 70/70 MP: 7/7
  4259 | D:5      | Noticed Menkaure
  4445 | D:5      | Killed Menkaure
  4605 | D:5      | Found a stormy altar of Qazlal.
  4617 | D:5      | Found a blossoming altar of Fedhas.
  5050 | D:5      | Noticed Dowan
  5054 | D:5      | Noticed Duvessa
  5163 | D:5      | Killed Duvessa
  5172 | D:5      | Killed Dowan
  5650 | D:5      | Noticed Blork the orc
  5660 | D:5      | Killed Blork the orc
  5686 | D:5      | Found a staircase to the Ecumenical Temple.
  5693 | Temple   | Entered the Ecumenical Temple
  5818 | Temple   | Became a worshipper of Warmaster Okawaru
  5973 | D:5      | Found a faded altar of an unknown god.
  5975 | D:5      | Found a faded altar of an unknown god.
  5975 | D:5      | Found a hazy altar of Hepliaklqana.
  6196 | D:5      | Slain by a wight

Illustrated notes

Levels and vault maps discovered:
D:1:      lemuel_arrival_river_ford, layout_basic, serial_shops, shop, shop
D:2:      layout_basic, serial_shops, nicolae_shop_advertising_works
          [nicolae_subvault_shop_adworks], serial_bayou_pond_a, minmay_rat_hole,
          uniq_natasha, uniq_sigmund
D:3:      layout_loops_ring, mainiacjoe_overflow_brackets, lemuel_doored_altar,
          cheibrodos_sewer_entry_sluice, uniq_grinder, uniq_ijyb
D:4:      layout_cave_pools, grunt_temple_overflow_order_and_chaos_1
D:5:      layout_basic, fedhas_altar_2, mainiacjoe_overflow_paths,
          nicolae_hepliaklqana_ecumenical_no_more, temple_green, minivault_5,
          minmay_fractal_squares_5, uniq_duvessa, uniq_blork_the_orc,
          uniq_menkaure
D:6:      old_forge, layout_gridville, grunt_temple_overflow_holy_war,
          nicolae_overflow_crystal_walls, nicolae_ru_great_annihilating_truth,
          uniq_prince_ribbit1
Temple:   hellmonk_temple_flake

Skill      XL: |  1  2  3  4  5  6  7  8 |
---------------+-------------------------+-----
Long Blades    | 4 5 6 |  6.8
Fighting       | 4 5 6 |  6.7
Armour         | 4 5 6 |  6.6
Dodging        | 2 3 5 6 |  6.6
Shields        | 4 5 6 |  6.6

Action                   |  1- 3 |  4- 6 |  7- 9 || total
-------------------------+-------+-------+-------++-------
Melee: Long sword        |    60 |   102 |   230 ||   392
       Headbutt          |     5 |    23 |    49 ||    77
  Use: Potion            |       |       |     1 ||     1
Armor: Scale mail        |    25 |    40 |   108 ||   173
Dodge: Dodged            |    24 |    47 |   106 ||   177
Block: Buckler           |    11 |    26 |    53 ||    90

Table legend: (Time is in decaauts)
 A = Elapsed time spent in this place.
 B = Non-inter-level travel time spent in this place.
 C = Inter-level travel time spent in this place.
 D = Time resting spent in this place.
 E = Time spent auto-exploring this place.
 F = Levels seen in this place.
 G = Mean time per level.
                   A        B        C        D        E       F      G
               +--------+--------+--------+--------+--------+-----+--------+
         Total |   6284 |   5393 |    891 |   1550 |   2711 |   8 |  785.5 |
       Dungeon |   5937 |   5062 |    875 |   1523 |   2510 |   6 |  989.5 |
        Temple |    135 |    119 |     16 |      0 |    107 |   1 |  135.0 |
         Sewer |    211 |    211 |      0 |     27 |     94 |   1 |  211.0 |
               +--------+--------+--------+--------+--------+-----+--------+

Top non-repeatable levels by time:
     D:5: 1511 daAuts
     D:1: 1258 daAuts
     D:4: 1225 daAuts
     D:2: 1035 daAuts
     D:3: 904 daAuts
   Sewer: 211 daAuts
  Temple: 135 daAuts
     D:6: 1 daAuts
